 Dungeon Crawl Stone Soup version 0.30-a0-964-gd452b5e7fa (webtiles) character file.

Game seed: 1447028044117077324

37039 juan097 the Covert (level 13, -4/111 HPs)
             Began as a Gnoll Wanderer on Mar 30, 2023.
             Was a High Priest of Jiyva.
             Slain by a skyshark (23 damage)
             ... on level 5 of the Lair of Beasts.
             The game lasted 00:56:49 (13655 turns).

juan097 the Covert (Gnoll Wanderer)                Turns: 13655, Time: 00:56:50

Health: -4/111     AC: 18    Str: 13    XL:     13   Next: 94%
Magic:  26/26      EV: 16    Int: 16    God:    Jiyva [*****.]
Gold:   337        SH:  0    Dex: 11    Spells: 26/31 levels left

rFire   + . .      SeeInvis +    a - +2 morningstar (drain)
rCold   + . .      Faith    .    (no shield)
rNeg    . . .      Spirit   .    D - +0 ring mail {rF+}
rPois   +          Reflect  .    l - +2 helmet {SInv}
rElec   +          Rampage  .    f - +0 cloak
rCorr   +                        (no gloves)
Will    .....                    (boots unavailable)
Stlth   +++++                    (no amulet)
HPRegen 1.82/turn                h - ring of poison resistance
MPRegen 0.65/turn                v - ring of wizardry

@: lethally poisoned (-4 -> -5), about to teleport
A: fangs 1, strong nose, distributed training, talons 3, iridescent scales 2,
see invisible, cold resistance 1, robust 1, electricity resistance, gelatinous
body 3, translucent skin 3
a: Renounce Religion, Oozemancy, Slimify


You were on level 5 of the Lair of Beasts.
You worshipped Jiyva.
Jiyva was extremely pleased with you.
You visited 2 branches of the dungeon, and saw 15 of its levels.
You also visited: Sewer.

You collected 661 gold pieces.
You spent 324 gold pieces at shops.

Inventory:

Hand Weapons
 a - a +2 morningstar of draining (weapon)
 w - a +2 dagger of venom
 J - a +1 broad axe of electrocution
Missiles
 q - 27 poisoned darts
 y - 2 atropa-tipped darts
 B - 9 boomerangs
 G - 3 boomerangs of dispersal
Armour
 f - a +0 cloak (worn)
 l - a +2 helmet of see invisible (worn)
 x - a scarf of shadows
 D - a +0 ring mail of fire resistance (worn)
 L - a +1 chain mail of fire resistance
Jewellery
 c - a ring of see invisible
 h - a ring of poison resistance (left hand)
 v - a ring of wizardry (right hand)
Wands
 i - a wand of mindburst (5)
 C - a wand of polymorph (26)
Scrolls
 b - 3 scrolls of amnesia {unknown}
 j - a scroll of identify
 n - a scroll of teleportation
 o - 4 scrolls of magic mapping {unknown}
 p - a scroll of fear
 s - a scroll of blinking
 u - 2 scrolls of immolation
 E - a scroll of summoning
 F - a scroll of poison
 H - a scroll of enchant weapon
 K - a scroll of enchant armour
Potions
 d - a potion of magic
 e - 2 potions of flight
 g - a potion of ambrosia
 k - 2 potions of berserk rage
 m - 4 potions of curing
 r - a potion of invisibility
 t - 4 potions of mutation
 z - a potion of haste
 I - a potion of lignification


   Skills:
 + Level 9.0 Fighting
 + Level 9.0 Short Blades
 + Level 9.0 Long Blades
 + Level 9.0 Axes
 + Level 9.0 Maces & Flails
 + Level 9.0 Polearms
 + Level 9.0 Staves
 + Level 9.0 Ranged Weapons
 + Level 9.0 Throwing
 + Level 9.0 Armour
 + Level 9.0 Dodging
 + Level 10.9 Stealth
 + Level 9.0 Shields
 + Level 9.0 Unarmed Combat
 + Level 9.5 Spellcasting
 + Level 10.4 Conjurations
 + Level 7.5 Hexes
 + Level 7.5 Summonings
 + Level 7.5 Necromancy
 + Level 7.5 Translocations
 + Level 7.5 Transmutations
 + Level 7.5 Fire Magic
 + Level 7.5 Ice Magic
 + Level 7.5 Air Magic
 + Level 7.5 Earth Magic
 + Level 7.9 Poison Magic
 + Level 10.2 Invocations
 + Level 9.0 Evocations


You had 26 spell levels left.
You knew the following spells:

 Your Spells              Type           Power      Damage    Failure   Level
a - Sting                 Tmut/Pois      100%       1d8       1%          1
b - Frozen Ramparts       Ice            62%        1d10      1%          3
c - Kiss of Death         Conj/Necr      100%       2d13      1%          1

Your spell library contained the following spells:

 Spells                   Type           Power      Damage    Failure   Level
 Sublimation of Blood     Necr           31%        N/A       1%          2
 Inner Flame              Hex/Fire       31%        N/A       1%          3
 Portal Projectile        Hex/Tloc       62%        N/A       1%          3
 Spider Form              Tmut/Pois      32%        N/A       1%          3
 Tukima's Dance           Hex            31%        N/A       1%          3
 Flame Wave               Conj/Fire      36%        2d10      1%          4
 Fulminant Prism          Conj/Hex       18%        3d11      1%          4
 Sticky Flame             Conj/Fire      36%        2d6       1%          4
 Ice Form                 Ice/Tmut       31%        N/A       3%          4
 Petrify                  Tmut/Erth      31%        N/A       3%          4
 Summon Ice Beast         Ice/Summ       31%        N/A       3%          4
 Irradiate                Conj/Tmut      18%        3d17      4%          5
 Alistair's Intoxication  Tmut/Pois      21%        N/A       9%          5
 Blade Hands              Tmut           15%        N/A       9%          5
 Borgnjor's Vile Clutch   Necr/Erth      15%        N/A       9%          5
 Eringya's Noxious Bog    Tmut/Pois      16%        N/A       41%         6


Dungeon Overview and Level Annotations

Branches:
Dungeon (10/15)            Temple (0/1) D:6            Lair (5/5) D:10
 Shoals (0/4) Lair:2        Snake (0/4) Lair:2        Slime (0/5) Lair:4
    Orc (0/2) D:9           Sewer (visited)

Altars:
Ashenzari
Gozag
Makhleb
Uskayaw
Wu Jian
Xom
Zin
Jiyva

Shops:
D:5 ?   D:9 ((

Annotations:
D:6 2 transporters, xian's ghost, novice MiFi
D:10 Erolcha


Innate Abilities, Weirdness & Mutations

You have very sharp teeth.
Your uncanny sense of smell can sniff out nearby items.
Your experience applies equally to all skills.
You have claws for feet.
You are mostly covered in iridescent scales. (AC +4)
You have supernaturally acute eyesight. (SInv)
Your flesh is cold resistant. (rC+)
You are robust. (+10% HP)
You are resistant to electric shocks. (rElec)
Your gelatinous body deflects attacks. (AC +3, EV +3)
Your transparent skin significantly reduces your foes' accuracy. (Stealth+)


Message History

The blink frog hits you but does no damage.
The cane toad stings you.
* * * LOW HITPOINT WARNING * * *
The wall burns the skyshark! x2
The wolf howls!
You hit the cane toad. You drain the cane toad.
You kill the cane toad!
You feel sick.
You hear a bleat!
The walls burn the blink frog!
You kill the blink frog!
The wall burns the wolf!
A dream sheep comes into view.
The wall burns the skyshark!
A dream sheep comes into view.
The dream sheep bleats! x2
You puncture the skyshark!
You claw the skyshark, but do no damage.
The skyshark is heavily wounded.
You feel sick.
The wall burns the blink frog!
The dream sheep shake their wool and sparkle.
You feel drowsy...
You fall asleep.
A dream sheep comes into view.
The wall burns the wolf!
The walls burn the skyshark!
The skyshark bites you but does no damage.
The skyshark tail-slaps you!
You wake up.
* * * LOW HITPOINT WARNING * * *
The skyshark misses you.
As you read the scroll of teleportation, it crumbles to dust.
You feel strangely unstable.
You stop calling forth ooze.
You feel sick. The skyshark bites you.
* * * LOW HITPOINT WARNING * * *
The skyshark tastes blood and grows stronger!
The skyshark tail-slaps you but does no damage.
The skyshark closely misses you.
A basilisk comes into view.
You feel sick.
The blink frog blinks!
The skyshark attacks as you move away! The skyshark bites you!!
You die...

♣♣♣...♣♣.#....####.##
♣♣PP..♣P♣.....## ####
♣♣PPP..P♣♣#.##.. ## !
♣P...PP.♣#...... ..
.< ♣P..P♣♣.........
.. ...
♣P..P♣........... ..
....♣♣.P♣♣.........
..
.....♣♣♣♣†F........
..
....hyh.hl@........
P.
.~l~Y.Fh####.......
P#
...~Y.l.~..####.... #
...~.~~F~.## ....
.~~~Y~~~~P# ..
P~≈≈~~y~~##
~P~~≈~P~~# ~~~~≈≈≈~~#
≈~~≈F~~≈##


You could see a skyshark (strong), 2 blink frogs, a vampire mosquito, 4 wolves
and 2 dream sheep.

Vanquished Creatures
  A catoblepas (Lair:3)
  2 hydras
  A two-headed ogre (D:10)
  3 boulder beetles
  6 death yaks
  Lodul (D:9)
  A goliath frog (Lair:5)
  A lindwurm (Lair:2)
  An oklob plant (Lair:2)
  Maurice (D:10)
  2 black mambas
  16 cane toads
  2 kobold demonologists (D:10)
  7 komodo dragons
  3 trolls
  15 blink frogs
  2 hornets (Lair:2)
  9 dream sheep
  Sigmund (D:2)
  29 yaks
  6 basilisks
  A wraith (D:8)
  A vampire (D:10)
  A steam dragon (D:9)
  2 wyverns
  A vampire mosquito (Lair:5)
  An acid dragon (D:9)
  4 nagas (Lair:2)
  14 water moccasins
  6 orc warriors
  An ice beast (D:6)
  8 ogres
  21 wolves
  5 centaurs
  6 kobold brigands
  13 bullfrogs
  2 scorpions
  A gnoll sergeant (D:8)
  5 wights (D:7)
  16 killer bees
  An electric eel (Lair:1)
  2 howler monkeys (D:9)
  A hound (D:6)
  6 orc priests
  2 gnoll boudas
  Terence (D:2)
  6 iguanas
  11 orc wizards
  Robin (D:1)
  7 adders
  11 gnolls
  2 river rats (Sewer)
  An ufetubus (D:6)
  4 worms
  30 orcs
  9 ball pythons
  5 endoplasms
  2 giant cockroaches
  15 goblins
  9 hobgoblins
  6 jackals (Sewer)
  27 kobolds
  8 quokkas
  3 bats
  13 frilled lizards
  2 rats
  A butterfly (Lair:2)
405 creatures vanquished.

Vanquished Creatures (collateral kills)
  A dream sheep (Lair:4)
1 creature vanquished.

Vanquished Creatures (others)
  2 dream sheep (Lair:4)
  A slime creature (Lair:4)
  An orc warrior (D:9)
  2 black bears
  An ogre (D:9)
  A wolf (Lair:4)
  A phantom (D:7)
  A kobold brigand (D:10)
  4 bullfrogs
  2 scorpions
  2 howler monkeys
  An orc priest (D:5)
  56 jellies
  An iguana (D:6)
  2 orc wizards
  3 adders
  6 orcs
  A goblin (D:3)
  8 kobolds
  A butterfly (Lair:2)
  63 fungi
  263 plants
423 creatures vanquished.

Grand Total: 829 creatures vanquished

Notes
Turn   | Place    | Note
-------+----------+-------------------------------------------
     0 | D:1      | juan097 the Gnoll Wanderer began the quest for the Orb.
     0 | D:1      | juan097 set off with the following items: a +0 club, a
                  | scroll of summoning, a +0 robe, a +0 helmet; and the
                  | following spells available to memorise: Kiss of Death,
                  | Sting, Spider Form, Fulminant Prism, Sticky Flame.
     0 | D:1      | Reached XP level 1. HP: 13/13 MP: 4/4
     2 | D:1      | Learned a level 1 spell: Kiss of Death
     4 | D:1      | Learned a level 1 spell: Sting
   116 | D:1      | Reached XP level 2. HP: 19/19 MP: 2/5
   617 | D:1      | Reached XP level 3. HP: 25/25 MP: 2/7
   925 | D:2      | Found a burning altar of Makhleb.
   927 | D:2      | Noticed Terence
   947 | D:2      | Killed Terence
   948 | D:2      | Reached skill level 1 in Fighting
   948 | D:2      | Reached skill level 1 in Short Blades
   948 | D:2      | Reached skill level 1 in Long Blades
   948 | D:2      | Reached skill level 1 in Axes
   948 | D:2      | Reached skill level 1 in Maces & Flails
   948 | D:2      | Reached skill level 1 in Polearms
   948 | D:2      | Reached skill level 1 in Staves
   948 | D:2      | Reached skill level 1 in Ranged Weapons
   948 | D:2      | Reached skill level 1 in Throwing
   948 | D:2      | Reached skill level 1 in Armour
   948 | D:2      | Reached skill level 1 in Dodging
   948 | D:2      | Reached skill level 1 in Shields
   948 | D:2      | Reached skill level 1 in Unarmed Combat
   948 | D:2      | Reached skill level 1 in Evocations
   998 | D:2      | Noticed Sigmund
  1004 | D:2      | Noticed Robin
  1278 | D:1      | Killed Robin
  1279 | D:1      | Reached XP level 4. HP: 12/26 MP: 6/8
  1610 | D:2      | Reached skill level 1 in Hexes
  1610 | D:2      | Reached skill level 1 in Summonings
  1610 | D:2      | Reached skill level 1 in Necromancy
  1610 | D:2      | Reached skill level 1 in Translocations
  1610 | D:2      | Reached skill level 1 in Transmutations
  1610 | D:2      | Reached skill level 1 in Fire Magic
  1610 | D:2      | Reached skill level 1 in Ice Magic
  1610 | D:2      | Reached skill level 1 in Air Magic
  1610 | D:2      | Reached skill level 1 in Earth Magic
  2093 | D:3      | Found a faded altar of an unknown god.
  2093 | D:3      | Noticed a great orb of eyes
  2098 | D:3      | Noticed an eye of devastation
  2098 | D:3      | Noticed an eye of devastation
  2098 | D:3      | Noticed a golden eye
  2103 | D:3      | Prayed at the altar of an unknown god.
  2103 | D:3      | Became a worshipper of Jiyva Joniyqie the Shapeless
  2103 | D:3      | Reached * piety under Jiyva
  2203 | D:3      | Reached XP level 5. HP: 34/34 MP: 6/9
  2222 | D:3      | Found a glowing drain.
  2226 | Sewer    | Entered a sewer
  2237 | Sewer    | Noticed a kobold brigand
  2259 | Sewer    | Killed a kobold brigand
  2332 | Sewer    | Noticed a kobold brigand
  2348 | Sewer    | Killed a kobold brigand
  2349 | Sewer    | Reached XP level 6. HP: 24/44 MP: 9/11
  2941 | D:3      | Found an opulent altar of Gozag.
  2942 | D:3      | Found a shimmering altar of Xom.
  2942 | D:3      | Found an ornate altar of the Wu Jian Council.
  2943 | D:3      | Found a hide-covered altar of Uskayaw.
  2944 | D:3      | Found a broken altar of Ashenzari.
  3174 | D:4      | Reached ** piety under Jiyva
  3183 | D:4      | Reached XP level 7. HP: 45/51 MP: 12/12
  4044 | D:2      | Killed Sigmund
  4229 | D:5      | Entered Level 5 of the Dungeon
  4338 | D:4      | Reached XP level 8. HP: 58/58 MP: 14/14
  4629 | D:5      | Reached *** piety under Jiyva
  4635 | D:5      | Gained mutation: You are robust. (+10% HP) [Jiyva's grace]
  4635 | D:5      | Gained mutation: You are very robust. (+20% HP) [Jiyva's
                  | grace]
  4635 | D:5      | Gained mutation: You are extremely robust. (+30% HP)
                  | [Jiyva's grace]
  4635 | D:5      | Gained mutation: You are partially covered in iridescent
                  | scales. (AC +2) [Jiyva's grace]
  4728 | D:5      | Found a glowing silver altar of Zin.
  4854 | D:5      | Found Mugal's Magic Scroll Emporium.
  4859 | D:5      | Bought a scroll of blinking for 97 gold pieces
  4859 | D:5      | Bought a scroll of teleportation for 39 gold pieces
  5193 | D:6      | Found a staircase to the Ecumenical Temple.
  5212 | D:6      | Noticed a yak
  5212 | D:6      | Noticed a yak
  5212 | D:6      | Noticed a yak
  5212 | D:6      | Noticed a yak
  5453 | D:6      | Reached **** piety under Jiyva
  5500 | D:6      | Identified the +1 robe of Prudence {rCorr}
  5510 | D:6      | Found a transporter.
  5516 | D:6      | Noticed a troll
  5517 | D:6      | Noticed xian's ghost (novice MiFi)
  5601 | D:6      | Noticed a troll
  5616 | D:6      | Noticed a boulder beetle
  5802 | D:7      | Reached skill level 5 in Invocations
  5853 | D:7      | Reached XP level 9. HP: 71/84 MP: 16/16
  5880 | D:7      | Reached skill level 5 in Spellcasting
  5996 | D:7      | Noticed a komodo dragon
  6013 | D:7      | Killed a komodo dragon
  6204 | D:7      | Gained mutation: You have sharp toenails. [Jiyva's grace]
  6204 | D:7      | Gained mutation: You have razor-sharp toenails. [Jiyva's
                  | grace]
  6204 | D:7      | Gained mutation: You have claws for feet. [Jiyva's grace]
  6204 | D:7      | Gained mutation: You are mostly covered in iridescent
                  | scales. (AC +4) [Jiyva's grace]
  6472 | D:6      | Found a transporter.
  6561 | D:6      | Killed a troll
  6570 | D:6      | Killed a boulder beetle
  6571 | D:6      | Reached skill level 5 in Fighting
  6571 | D:6      | Reached skill level 5 in Short Blades
  6571 | D:6      | Reached skill level 5 in Long Blades
  6571 | D:6      | Reached skill level 5 in Axes
  6571 | D:6      | Reached skill level 5 in Maces & Flails
  6571 | D:6      | Reached skill level 5 in Polearms
  6571 | D:6      | Reached skill level 5 in Staves
  6571 | D:6      | Reached skill level 5 in Ranged Weapons
  6571 | D:6      | Reached skill level 5 in Throwing
  6571 | D:6      | Reached skill level 5 in Armour
  6571 | D:6      | Reached skill level 5 in Dodging
  6571 | D:6      | Reached skill level 5 in Shields
  6571 | D:6      | Reached skill level 5 in Unarmed Combat
  6571 | D:6      | Reached skill level 5 in Evocations
  6571 | D:6      | Reached XP level 10. HP: 87/96 MP: 18/18
  6678 | D:5      | Bought a scroll of noise for 13 gold pieces
  6678 | D:5      | Bought a scroll of identify for 26 gold pieces
  7378 | D:8      | Reached skill level 5 in Poison Magic
  7414 | D:8      | Noticed a boulder beetle
  7437 | D:8      | Killed a boulder beetle
  7860 | D:9      | Found a staircase to the Orcish Mines.
  7879 | D:9      | Found Uxtatewi's Weapon Shoppe.
  7922 | D:9      | Found Bahyrueh's Antique Weapon Shop.
  8194 | D:5      | Bought a scroll of enchant armour for 97 gold pieces
  8194 | D:5      | Bought a scroll of fear for 52 gold pieces
  8327 | D:10     | Entered Level 10 of the Dungeon
  8418 | D:10     | Noticed Lodul
  8507 | D:9      | Reached skill level 5 in Hexes
  8507 | D:9      | Reached skill level 5 in Summonings
  8507 | D:9      | Reached skill level 5 in Necromancy
  8507 | D:9      | Reached skill level 5 in Translocations
  8507 | D:9      | Reached skill level 5 in Transmutations
  8507 | D:9      | Reached skill level 5 in Fire Magic
  8507 | D:9      | Reached skill level 5 in Ice Magic
  8507 | D:9      | Reached skill level 5 in Air Magic
  8507 | D:9      | Reached skill level 5 in Earth Magic
  8558 | D:9      | Killed Lodul
  8559 | D:9      | Reached XP level 11. HP: 81/105 MP: 21/21
  8593 | D:10     | Noticed Maurice
  8621 | D:10     | Killed Maurice
  8713 | D:10     | Noticed Erolcha
  8721 | D:10     | Lost mutation: You are extremely robust. (+30% HP) [Jiyva's
                  | grace]
  8721 | D:10     | Gained mutation: Your flesh is cold resistant. (rC+)
                  | [Jiyva's grace]
  8721 | D:10     | Gained mutation: Your flesh is very cold resistant. (rC++)
                  | [Jiyva's grace]
  8721 | D:10     | Gained mutation: Your flesh is almost immune to the effects
                  | of cold. (rC+++) [Jiyva's grace]
  8721 | D:10     | Gained mutation: Your melee attacks may engulf your foes in
                  | ooze. [Jiyva's grace]
  8729 | D:10     | Found a staircase to the Lair.
  8784 | D:10     | Noticed a soul eater
  8988 | D:10     | Noticed a two-headed ogre
  9001 | D:10     | HP: 4/99 [two-headed ogre/+0 giant club (20)]
  9014 | D:10     | Killed a two-headed ogre
  9241 | D:10     | Noticed a soul eater
  9406 | Lair:1   | Entered Level 1 of the Lair of Beasts
  9598 | Lair:1   | Noticed a boulder beetle
  9617 | Lair:1   | Killed a boulder beetle
  9695 | Lair:1   | Reached XP level 12. HP: 43/109 MP: 23/23
 10030 | Lair:1   | Learned a level 3 spell: Frozen Ramparts
 10774 | Lair:2   | Found a staircase to the Shoals.
 10843 | Lair:2   | Found a staircase to the Snake Pit.
 10954 | Lair:2   | Reached ***** piety under Jiyva
 11195 | Lair:2   | Noticed an eight-headed hydra
 11248 | Lair:2   | Reached skill level 10 in Stealth
 11253 | Lair:2   | Lost mutation: Your flesh is almost immune to the effects
                  | of cold. (rC+++) [Jiyva's grace]
 11253 | Lair:2   | Lost mutation: Your melee attacks may engulf your foes in
                  | ooze. [Jiyva's grace]
 11253 | Lair:2   | Gained mutation: Your rubbery body absorbs attacks. (AC +1,
                  | EV +1) [Jiyva's grace]
 11253 | Lair:2   | Gained mutation: Your pliable body absorbs attacks. (AC +2,
                  | EV +2) [Jiyva's grace]
 11253 | Lair:2   | Gained mutation: Your gelatinous body deflects attacks. (AC
                  | +3, EV +3) [Jiyva's grace]
 11253 | Lair:2   | Gained mutation: You have supernaturally acute eyesight.
                  | (SInv) [Jiyva's grace]
 11334 | Lair:2   | Killed an eight-headed hydra
 11742 | Lair:3   | Noticed a catoblepas
 11770 | Lair:3   | Killed a catoblepas
 11771 | Lair:3   | Reached XP level 13. HP: 106/117 MP: 22/25
 11893 | Lair:2   | Reached skill level 10 in Conjurations
 12794 | Lair:4   | Found a viscous altar of Jiyva.
 12794 | Lair:4   | Found a staircase to the Slime Pits.
 12988 | Lair:4   | Reached skill level 10 in Invocations
 13069 | Lair:4   | Noticed Rupert
 13084 | Lair:4   | Slimified Rupert
 13084 | Lair:4   | Rupert changed into Rupert the azure jelly
 13084 | Lair:4   | Noticed Rupert
 13490 | Lair:5   | Entered Level 5 of the Lair of Beasts
 13556 | Lair:5   | Lost mutation: Your flesh is very cold resistant. (rC++)
                  | [Jiyva's grace]
 13556 | Lair:5   | Lost mutation: You are very robust. (+20% HP) [Jiyva's
                  | grace]
 13556 | Lair:5   | Gained mutation: You are resistant to electric shocks.
                  | (rElec) [Jiyva's grace]
 13556 | Lair:5   | Gained mutation: Your translucent skin slightly reduces
                  | your foes' accuracy. (Stealth+) [Jiyva's grace]
 13556 | Lair:5   | Gained mutation: Your translucent skin reduces your foes'
                  | accuracy. (Stealth+) [Jiyva's grace]
 13556 | Lair:5   | Gained mutation: Your transparent skin significantly
                  | reduces your foes' accuracy. (Stealth+) [Jiyva's grace]
 13655 | Lair:5   | Slain by a skyshark

Illustrated notes

Levels and vault maps discovered:
D:1:      giann_bridges, layout_basic
D:2:      wad_lake_hut, layout_rooms, basic_altar, hangedman_decor_riveting,
          uniq_sigmund, uniq_robin, uniq_terence
D:3:      layout_basic, grunt_temple_overflow_open,
          hellmonk_ecumenical_altar_watching_god, gup_sewer_entry_spiral,
          minmay_shallow_snake_nest
D:4:      kennysheep_kobold_camp, layout_basic
D:5:      layout_loops_cross, mainiacjoe_overflow_surrounded_room, serial_shops,
          kennysheep_little_box, nicolae_figureground_pulse
D:6:      layout_gridville, temple_statues, gammafunk_ghost_arena,
          minmay_small_thing
D:7:      nicolae_cairo_tiling_large, layout_gridville, minmay_lizard_king
D:8:      layout_cave_pools, nrook_pool_corridor, minmay_microvault
D:9:      layout_rooms, orc_david_3, serial_shops, shop
D:10:     layout_loops_ring, minmay_lair_entry_grove,
          minmay_fractal_squares_gapless_5, uniq_lodul, uniq_erolcha,
          uniq_maurice
Lair:1:   layout_layer_cave, serial_bayou_shore_a
Lair:2:   cheibrodos_lair_overgrown_chateau, layout_cellular_growth,
          minmay_shoals_entry_centaurs, minmay_snake_entry_guardpost_small,
          lemuel_fruit_fields
Lair:3:   layout_concentric_octagons
Lair:4:   layout_regular_city, minmay_slime_entry_pillars, uniq_rupert
Lair:5:   minmay_lair_end_frog_pond, layout_regular_city, serial_forest,
          infiniplex_forest_straight_4, infiniplex_forest_lined_2,
          infiniplex_forest_side_room, infiniplex_forest_straight_2,
          infiniplex_forest_clump_tiny, infiniplex_forest_end_double,
          infiniplex_forest_clump_small, infiniplex_forest_clump_diagonal

Skill      XL: |  1  2  3  4  5  6  7  8  9 10 11 12 13 |
---------------+----------------------------------------+-----
Poison Magic   | 2 3 4 5 6 7 |  7.9
Fighting       | 1 2 3 5 6 7 8 9 |  9.0
Short Blades   | 1 2 3 5 6 7 8 9 |  9.0
Long Blades    | 1 2 3 5 6 7 8 9 |  9.0
Axes           | 1 2 3 5 6 7 8 9 |  9.0
Maces & Flails | 1 2 3 5 6 7 8 9 |  9.0
Polearms       | 1 2 3 5 6 7 8 9 |  9.0
Staves         | 1 2 3 5 6 7 8 9 |  9.0
Ranged Weapons | 1 2 3 5 6 7 8 9 |  9.0
Throwing       | 1 2 3 5 6 7 8 9 |  9.0
Armour         | 1 2 3 5 6 7 8 9 |  9.0
Dodging        | 1 2 3 5 6 7 8 9 |  9.0
Stealth        | 6 7 8 9 10 | 10.9
Shields        | 1 2 3 5 6 7 8 9 |  9.0
Unarmed Combat | 1 2 3 5 6 7 8 9 |  9.0
Evocations     | 1 2 3 5 6 7 8 9 |  9.0
Spellcasting   | 3 4 5 6 7 8 9 |  9.5
Hexes          | 1 2 3 4 5 6 7 |  7.5
Summonings     | 1 2 3 4 5 6 7 |  7.5
Necromancy     | 1 2 3 4 5 6 7 |  7.5
Translocations | 1 2 3 4 5 6 7 |  7.5
Transmutations | 1 2 3 4 5 6 7 |  7.5
Fire Magic     | 1 2 3 4 5 6 7 |  7.5
Ice Magic      | 1 2 3 4 5 6 7 |  7.5
Air Magic      | 1 2 3 4 5 6 7 |  7.5
Earth Magic    | 1 2 3 4 5 6 7 |  7.5
Invocations    | 3 4 5 6 7 8 9 10 | 10.2
Conjurations   | 8 9 10 | 10.4

Action                     |  1- 3 |  4- 6 |  7- 9 | 10-12 | 13-15 || total
---------------------------+-------+-------+-------+-------+-------++-------
  Melee: Club              |    36 |       |       |       |       ||    36
         Punch             |     1 |       |     7 |    36 |    12 ||    56
         Hand axe          |     6 |   114 |   135 |       |       ||   255
         Bite              |     2 |     7 |    41 |   106 |    36 ||   192
         Morningstar       |       |       |   158 |   724 |   252 ||  1134
         Kick              |       |       |    20 |   250 |    93 ||   363
         Dagger            |       |       |       |    49 |       ||    49
  Throw: Dart              |       |       |     3 |    10 |       ||    13
   Cast: Sting             |    27 |    47 |    31 |    34 |    12 ||   151
         Kiss of Death     |     3 |       |     2 |       |       ||     5
         Frozen Ramparts   |       |       |       |    23 |    22 ||    45
 Invoke: Oozemancy         |       |       |     2 |     2 |     2 ||     6
         Slimify           |       |       |       |     1 |     1 ||     2
  Evoke: Wand              |       |       |       |     4 |       ||     4
    Use: Scroll            |       |       |       |    16 |     4 ||    20
         Potion            |       |       |       |     3 |       ||     3
   Stab: Sleeping          |       |     4 |     1 |    10 |     3 ||    18
         Invisible         |       |       |       |     1 |       ||     1
 Armour: Robe              |    16 |    44 |    30 |       |       ||    90
         Ring mail         |       |       |    86 |   509 |    87 ||   682
         Leather armour    |       |       |    30 |       |       ||    30
  Dodge: Dodged            |    26 |    93 |   233 |   697 |   201 ||  1250

Table legend: (Time is in decaauts)
 A = Elapsed time spent in this place.
 B = Non-inter-level travel time spent in this place.
 C = Inter-level travel time spent in this place.
 D = Time resting spent in this place.
 E = Time spent auto-exploring this place.
 F = Levels seen in this place.
 G = Mean time per level.
                   A        B        C        D        E       F      G
               +--------+--------+--------+--------+--------+-----+--------+
         Total |  14318 |  13337 |    981 |    197 |   8653 |  16 |  894.9 |
       Dungeon |   9177 |   8329 |    848 |     75 |   5490 |  10 |  917.7 |
          Lair |   4309 |   4176 |    133 |    122 |   2705 |   5 |  861.8 |
         Sewer |    831 |    831 |      0 |      0 |    457 |   1 |  831.0 |
               +--------+--------+--------+--------+--------+-----+--------+

Top non-repeatable levels by time:
  Lair:2: 1279 daAuts
     D:6: 1258 daAuts
     D:1: 1184 daAuts
  Lair:1: 1090 daAuts
     D:2: 1060 daAuts
     D:4: 1017 daAuts
    D:10: 971 daAuts
  Lair:3: 903 daAuts
  Lair:4: 869 daAuts
     D:5: 841 daAuts
   Sewer: 831 daAuts
     D:8: 794 daAuts
     D:7: 777 daAuts
     D:9: 650 daAuts
     D:3: 621 daAuts
